 Dungeon Crawl Stone Soup version 0.18.1-6-gd335043 (webtiles) character file.

2817 shinino the Slicer (level 9, -3/35 (36) HPs)
             Began as a Spriggan Assassin on May 19, 2016.
             Was a Follower of Dithmenos.
             Killed by divine providence
             ... invoked by an orc priest
              (8 damage)
             ... on level 9 of the Dungeon.
             The game lasted 00:39:15 (10926 turns).

shinino the Slicer (Spriggan Assassin)             Turns: 10926, Time: 00:39:16

HP:   -3/35 (36)    AC:  7    Str:  7    XL:     9   Next: 44%
MP:   14/14         EV: 25    Int: 12    God:    Dithmenos [*.....]
Gold: 481           SH:  0    Dex: 21    Spells: 0 memorised, 8 levels left

rFire  . . .     SeeInvis +     b - +0 blowgun
rCold  + . .     Gourm    .     c - +0 robe
rNeg   . . .     Faith    .     (shield restricted)
rPois  .         Spirit   .     (helmet restricted)
rElec  .         Dismiss  .     m - +1 cloak
rCorr  .         Reflect  .     (gloves unavailable)
SustAt .         Harm     .     (boots unavailable)
MR     ++...                    (no amulet)
Stlth  +++++++...               G - ring of protection from magic
                                j - +3 ring of protection

@: wreathed by umbra, very quick, very resistant to hostile enchantments,
extremely stealthy
A: unfitting armour, talons 1, repulsion field 1, molten scales 1, see
invisible, cold resistance 1, deformed body, herbivore 3, speed 3, frail 1, slow
metabolism 2
a: Renounce Religion


You were on level 9 of the Dungeon.
You worshipped Dithmenos.
Dithmenos was aware of your devotion.
You were not hungry.

You visited 2 branches of the dungeon, and saw 10 of its levels.
You also visited: Sewer.

You collected 481 gold pieces.

Inventory:

Hand Weapons
 a - a +0 rapier
 b - a +0 blowgun (weapon)
Missiles
 e - 21 poisoned needles (quivered)
 f - 2 curare-tipped needles
Armour
 c - a +0 robe (worn)
 m - a +1 cloak (worn)
Jewellery
 j - a +3 ring of protection (left hand)
 y - an uncursed ring of protection from magic
 G - a ring of protection from magic (right hand)
 M - a +4 ring of dexterity
Wands
 h - a wand of polymorph (4/24)
 H - a wand of acid (0/15)
 N - a wand of confusion (18/48)
Scrolls
 k - 2 scrolls of random uselessness {unknown}
 o - 2 scrolls of fog
 s - a scroll of amnesia {unknown}
 v - 2 scrolls of enchant armour {unknown}
 w - 4 scrolls of remove curse
 B - 3 scrolls of teleportation
 C - 3 scrolls of fear
 D - 2 scrolls of blinking {unknown}
 I - 2 scrolls of vulnerability {unknown}
 K - a scroll of brand weapon {unknown}
 L - 2 scrolls of enchant weapon {unknown}
 P - a scroll of noise {unknown}
Potions
 i - 7 potions of curing
 l - 2 potions of degeneration {unknown}
 n - a potion of agility {unknown}
 p - a potion of beneficial mutation {unknown}
 q - 2 potions of lignification {unknown}
 r - 6 potions of brilliance
 u - 4 potions of might
 x - 2 potions of flight {unknown}
 z - a potion of haste {unknown}
 A - a potion of cancellation {unknown}
 E - 4 potions of heal wounds {unknown}
 F - a potion of ambrosia {unknown}
 J - a potion of cure mutation {unknown}
Books
 t - a Young Poisoner's Handbook

   Spells                             Type                      Level
   a - Sting                          Conjuration/Poison           1
   b - Cure Poison                    Poison                       2
   c - Mephitic Cloud                 Conjuration/Poison/Air       3
   d - Olgreb's Toxic Radiance        Poison                       4
   e - Venom Bolt                     Conjuration/Poison           5
Comestibles
 g - 6 bread rations
 O - 3 fruits


   Skills:
 - Level 1.5 Fighting
 * Level 10.7 Short Blades
 - Level 2.0 Throwing
 + Level 6.2 Dodging
 - Level 10.5 Stealth
 - Level 2.0 Invocations
 + Level 5.8 Evocations


You had 8 spell levels left.
You didn't know any spells.

Dungeon Overview and Level Annotations

Branches:
Dungeon (9/15)             Temple (1/1) D:6            Lair (0/8) D:9
    Orc: D:9-12

Altars:
Ashenzari
Cheibriados
Dithmenos
Elyvilon
Gozag
Kikubaaqudgha
Makhleb
Nemelex Xobeh
Okawaru
Pakellas
Qazlal
Ru
Sif Muna
Trog
Vehumet
Xom
Yredelemnul
Zin
The Shining One

Shops:
D:4 }   D:7 [

Annotations:
D:8 exclusion: ice statue


Innate Abilities, Weirdness & Mutations

You are tiny and cannot use many weapons and most armour.
You have supernaturally acute eyesight.
You are a herbivore.
You cover ground extremely quickly.
You need consume almost no food.
You have sharp toenails.
You are surrounded by a mild repulsion field (EV +2).
You are partially covered in molten scales (AC +1).
Your flesh is cold resistant.
Armour fits poorly on your strangely shaped body.
You are frail (-10% HP).


Message History

Aim: an orc priest, wielding a short sword You shoot a poisoned needle.
The poisoned needle hits the orc priest.
The orc priest is poisoned.
The warg bites you!
An orc priest comes into view.
The orc priest shouts!
You hear a shout!
The orc priest looks more healthy.
The orc priest casts a cantrip, but nothing happens.
The orc priest invokes the aid of Beogh against you.
Beogh smites you!
The warg stops to sniff the ground.
Firing (i - inventory. (,) - cycle):
e - 22 poisoned needles (quivered)
Press: ? - help, Shift-Dir - straight line, p - orc priest You shoot a poisoned needle.
The orc priest mumbles some strange prayers to Beogh against you.
Beogh smites you!
* * * LOW HITPOINT WARNING * * *
The orc priest calls down the wrath of Beogh upon you.
Beogh smites you!
You die...

.....................##.....## .
.................(...#..P....# ..
...(.................#.....).#...
####........(..............P.....
..#........<....................
...#####'##'##..(.......(>.......
............(#[..................
............##.........P.........
...........#...@....#.......#...
...........#......o.#.......#...
###.......#........##.....## ..
#.......#......h.###...######
+....)<.#...........#.......#
#....(..#...#####...# ......'
#.......#... #.(.# >....#
#.....(.#... #(.o#########
...........#... #(...........


You could see a warg and 2 orc priests.

Vanquished Creatures
  A warg (D:8)
  An orc warrior (D:8)
  2 sky beasts
  A necrophage (D:7)
  2 phantoms (D:8)
  An ice beast (D:7)
  6 ogres
  3 centaurs
  A giant frog (D:8)
  A howler monkey (D:4)
  A crimson imp (D:7)
  2 giant frog zombies
  4 hounds
  A centaur zombie (D:8)
  2 jellies (D:8)
  4 orc priests
  2 centaur skeletons
  4 orc wizards
  Jessica (D:2)
  4 iguanas
  6 worker ants
  A hound zombie (D:9)
  6 river rats (Sewer)
  13 adders
  3 oozes
  An adder skeleton (D:8)
  2 worms (D:2)
  5 dart slugs
  5 giant geckos
  23 orcs
  9 ball pythons
  8 bats
  5 giant cockroaches
  4 goblins
  8 hobgoblins
  17 jackals
  10 kobolds
  3 quokkas
  A giant gecko skeleton (D:8)
  11 giant newts
  A jackal zombie (D:7)
  A quokka skeleton (D:5)
  2 quokka zombies
  19 rats
208 creatures vanquished.

Notes
Turn   | Place    | Note
--------------------------------------------------------------
     0 | D:1      | shinino the Spriggan Assassin began the quest for the Orb.
     0 | D:1      | Reached XP level 1. HP: 10/10 MP: 2/2
   103 | D:1      | Reached XP level 2. HP: 14/14 MP: 3/3
   533 | D:1      | Reached XP level 3. HP: 16/18 MP: 4/4
  1120 | D:2      | Noticed Jessica
  1124 | D:2      | Killed Jessica
  1124 | D:2      | Reached XP level 4. HP: 22/22 MP: 5/5
  2235 | D:3      | Reached XP level 5. HP: 22/25 MP: 6/6
  2481 | D:3      | Reached skill level 5 in Short Blades
  2632 | D:3      | Found a glowing drain.
  2662 | Sewer    | Entered a sewer
  3548 | D:3      | Reached XP level 6. HP: 23/30 MP: 7/7
  3809 | D:4      | Found Burauten's Gadget Shoppe.
  4748 | D:5      | Entered Level 5 of the Dungeon
  4848 | D:5      | Reached XP level 7. HP: 17/33 MP: 8/8
  4860 | D:5      | Found a sacrificial altar of Ru.
  6201 | D:6      | Found a staircase to the Ecumenical Temple.
  6251 | Temple   | Entered the Ecumenical Temple
  6415 | D:6      | Found a radiant altar of Vehumet.
  6417 | D:6      | Found a snail-covered altar of Cheibriados.
  6420 | D:6      | Found a shattered altar of Ashenzari.
  6421 | D:6      | Found a burning altar of Makhleb.
  6421 | D:6      | Found a stormy altar of Qazlal.
  6421 | D:6      | Found an ancient bone altar of Kikubaaqudgha.
  6421 | D:6      | Found an oddly glowing altar of Pakellas.
  6422 | D:6      | Found a shadowy altar of Dithmenos.
  6425 | D:6      | Became a worshipper of Dithmenos the Shadowed
  6427 | D:6      | Found a glowing golden altar of the Shining One.
  6961 | D:7      | Found a white marble altar of Elyvilon.
  6966 | D:7      | Found Wodoijig's Antique Armour Shoppe.
  6974 | D:7      | Reached skill level 10 in Stealth
  6974 | D:7      | Reached XP level 8. HP: 36/37 MP: 9/9
  7000 | D:7      | You fall through a shaft for 2 floors!
  7083 | D:8      | Found a glowing silver altar of Zin.
  7443 | D:8      | Reached skill level 1 in Evocations
  7471 | D:8      | Reached skill level 1 in Invocations
  7777 | D:7      | Gained mutation: You are frail (-10% HP). [potion of mutation]
  7777 | D:7      | Gained mutation: Your magical capacity is low (-10% MP). [potion of mutation]
  7777 | D:7      | Gained mutation: You are partially covered in molten scales (AC +1). [potion of mutation]
  7778 | D:7      | Lost mutation: Your magical capacity is low (-10% MP). [potion of mutation]
  7778 | D:7      | Gained mutation: You are surrounded by a mild repulsion field (EV +2). [potion of mutation]
  7778 | D:7      | Gained mutation: Your flesh is cold resistant. [potion of mutation]
  7779 | D:7      | Gained mutation: Armour fits poorly on your strangely shaped body. [potion of mutation]
  7779 | D:7      | Gained mutation: You have sharp toenails. [potion of mutation]
  8925 | D:8      | Reached skill level 10 in Short Blades
  8925 | D:8      | Reached XP level 9. HP: 28/35 MP: 13/13
  9145 | D:8      | Reached skill level 5 in Dodging
  9470 | D:8      | Reached * piety under Dithmenos
  9688 | D:8      | Noticed an ice statue
 10063 | D:8      | Reached skill level 5 in Evocations
 10073 | D:8      | Found a bloodstained altar of Trog.
 10467 | D:9      | Found a staircase to the Lair.
 10640 | D:9      | Noticed a cyclops
 10926 | D:9      | Killed from afar by an orc priest

Skill      XL: |  1  2  3  4  5  6  7  8  9 |
---------------+----------------------------+-----
Stealth        | 6 7 8 10 | 10.5
Short Blades   | 3 4 6 7 8 10 | 10.7
Dodging        | 4 6 |  6.2
Evocations     | 4 5 |  5.8
Invocations    | 2 |  2.0
Fighting       | |  1.5
Throwing       | |  2.0

Action                   |  1- 3 |  4- 6 |  7- 9 || total
-------------------------+-------+-------+-------++-------
Melee: Dagger            |   107 |   334 |       ||   441
       Rapier            |       |    24 |   457 ||   481
       Kick              |       |       |    92 ||    92
 Fire: Blowgun           |       |    14 |   134 ||   148
Evoke: Wand              |       |       |     2 ||     2
  Use: Scroll            |       |     4 |     4 ||     8
       Potion            |       |       |     3 ||     3
 Stab: Sleeping          |    21 |    30 |    25 ||    76
       Distracted        |       |     3 |     2 ||     5
  Eat: Royal jelly       |       |     1 |       ||     1
       Bread ration      |       |       |     1 ||     1
Armor: Robe              |    30 |    50 |    39 ||   119
Dodge: Dodged            |    65 |   205 |   295 ||   565
